Map: Oblivion Express

Players

NamroodTuo

  • Race: Zerg Zerg

Sglfp

  • Race: Zerg Zerg
  • Spawn Location: 12:00

VOD

Have the link to the VOD?

Description

Time

  • Played on: June 4, 2023, 12:30 p.m.
  • Length: 26:24
Show
View Real Time Build Order
Export as new Build Order

NamroodTuo Zerg 

Build Orders:  

Get SALT Encoding   

  12  0:18  Infested Barracks  
  12  0:26  Infested SCV  
  13  0:33  Infested SCV  
  14  0:40  Infested SCV  
  15  0:52  Overlord  
  15  1:19  Infested SCV  
  16  1:22  Infestation Level 1  
  16  1:27  Infested SCV  
  17  1:34  Infested Marine  
  17  1:35  Infested Marine x3  
  21  1:44  Overlord  
  21  1:51  Infested SCV  
  21  1:54  Infested SCV  
  23  2:09  Infested SCV  
  24  2:10  Infested SCV  
  25  2:37  Infested SCV  
  26  2:45  Infested SCV  
  27  3:00  Infested SCV  
  28  3:12  Infested Engineering Bay  
  28  3:13  Infested SCV  
  29  3:23  Infested Refinery  
  29  3:32  Overlord  
  25  3:42  Infested Refinery  
  25  4:14  Infested Command Center  
  25  4:41  Infested SCV  
  25  4:49  Infested SCV x3  
  29  4:50  Infested SCV  
  30  5:25  Overlord  
  30  5:26  Overlord  
  30  5:32  Infested Barracks Tech Lab  
  30  5:42  Unknown  
  30  6:20  Infestation Level 2  
  30  6:31  Infested Marine  
  30  6:32  Infested Marine x11  
  30  6:33  Infested Marine x8  
  44  6:59  Infested Bunker  
  48  7:04  Infested Factory  
  48  7:22  Infested Command Center  
  48  7:25  Infested Refinery  
  48  7:51  Infested SCV x4  
  48  7:52  Infested SCV  
  53  8:00  Infested Refinery  
  53  8:14  Infested Bunker  
  53  8:16  Overlord  
  53  8:17  Overlord  
  61  8:20  Anaerobic Enhancement  
  61  8:21  Plagued Munitions  
  47  8:41  Infested Marine x5  
  47  8:42  Infested Marine x15  
  47  8:49  Infested Marine  
  68  9:04  Infested Bunker  
  68  9:11  Infested Marine  
  68  9:12  Infested Marine x4  
  73  9:20  Broodling Gestation  
  77  9:41  Infested Bunker  
  77  9:53  Overseer x4  
  77  9:56  Overlord  
  77  9:57  Overlord x2  
  77  10:03  Infested SCV  
  77  10:04  Infested SCV  
  79  10:13  Infested SCV x4  
  79  10:14  Infested Armory, Infested SCV  
  84  10:36  Infested Missile Turret  
  64  10:49  Infested SCV, Infested Missile Turret  
  64  10:50  Infested SCV  
  60  11:17  Retinal Augmentation, Infested Bunker  
  64  11:20  Stukov Infantry Armor Level 1  
  64  11:50  Infested Marine  
  64  11:51  Infested Marine x8  
  64  11:52  Infested Marine x11  
  84  12:02  Infested Bunker  
  88  12:30  Infested Marine  
  88  12:31  Infested Marine x7  
  93  13:09  Infestation Level 3  
  93  13:24  Infested Factory, Infested Factory Tech Lab  
  93  13:26  Infested Bunker  
  101  13:33  Infested Bunker  
  84  13:50  Infested Marine  
  84  13:51  Infested Marine x7  
  84  13:52  Infested Marine x8  
  100  14:00  Regenerative Plating  
  100  14:28  Infested Bunker  
  86  14:45  Infested Bunker  
  86  14:48  Overlord x2  
  84  14:58  Infested Marine x7  
  84  14:59  Infested Marine x6  
  97  15:00  Stukov Infantry Weapons Level 1  
  97  15:11  Overlord x2  
  97  15:17  Infested Missile Turret  
  84  17:04  Infested Marine x4  
  84  17:05  Infested Marine x16  
  84  17:08  Infested Barracks  
  104  17:19  Infested SCV  
  105  17:20  Infested SCV x4  
  107  17:40  Calcified Armor  
  107  17:44  Overlord  
  107  17:45  Overlord x3  
  107  17:46  Aggressive Incubation  
  107  17:49  Overseer x4  
  106  17:52  Overseer x2  
  106  17:53  Overseer x2  
  106  18:11  Acidic Enzymes  
  106  18:37  Infested Marine  
  106  18:38  Infested Marine x5  
  106  18:39  Infested Marine x13  
  125  18:40  Stukov Infantry Armor Level 2  
  107  19:19  Infested Diamondback x2  
  113  19:20  Infested Diamondback x2  
  113  19:21  Infested Diamondback  
  113  19:25  Stukov Vehicle and Ship Armor Level 1  
  122  19:41  Automated Mitosis  
  122  20:01  Infested Diamondback  
  122  20:02  Infested Diamondback  
  128  20:10  Infested Marine  
  128  20:11  Infested Marine x13  
  128  20:13  Overlord x2  
  128  20:14  Overlord x3  
  142  20:36  Overlord  
  120  20:41  Caustic Mucus  
  120  21:19  Infested Marine  
  121  21:20  Infested Marine x5  
  121  21:21  Infested Marine x12  
  126  21:50  Stukov Infantry Weapons Level 2  
  126  22:05  Stukov Vehicle and Ship Weapons Level 1  
  116  22:11  Saturated Cultures  
  116  22:13  Infested Bunker  
  116  22:19  Infested Diamondback x5  
  131  22:59  Infested Diamondback  
  134  23:00  Infested Diamondback  
  137  23:18  Infested Marine  
  137  23:19  Infested Marine x18  
  150  23:25  Overlord  
  150  23:26  Overlord x4  
  147  23:48  Infested Marine  
  147  23:49  Infested Marine x3  
  150  23:51  Infested Marine x3  
  154  24:14  Infested Bunker  
  164  24:23  Infested Bunker  
  161  24:35  Infested Diamondback x2  
  161  24:36  Infested Diamondback x2  
  155  24:59  Infested Diamondback x2  
  161  25:02  Overlord x3  
  161  25:03  Overlord x2  
  161  25:04  Infested Bunker  
  161  25:14  Infested Marine x2  
  161  25:15  Infested Marine x15  
  161  25:18  Overlord  
  173  25:50  Infested Marine  
  173  25:51  Infested Marine x6  
Show
View Real Time Build Order
Export as new Build Order

Sglfp Zerg 

Build Orders:  

Get SALT Encoding   

  12  0:04  Drone  
  13  0:18  Drone  
  14  0:25  Overlord  
  14  0:56  Drone, Spawning Pool  
  14  1:08  Drone  
  14  1:09  Drone x2  
  17  1:21  Extractor  
  17  1:22  Drone  
  17  1:37  Drone  
  18  1:40  Extractor  
  18  1:47  Queen  
  19  1:59  Drone  
  20  2:07  Drone  
  21  2:33  Drone  
  21  2:34  Overlord  
  22  3:05  Drone x2  
  22  3:09  Lair  
  24  3:24  Hatchery  
  23  3:33  Drone  
  23  3:34  Drone  
  25  4:53  Hive  
  25  4:56  Queen  
  25  4:58  Drone x9  
  36  5:11  Evolution Chamber  
  36  5:16  Overlord x2  
  36  5:17  Overlord x2  
  35  5:47  Hatchery  
  34  6:00  Chain Reaction  
  34  6:22  Drone x6  
  40  6:40  Extractor  
  39  7:08  Hydralisk Den  
  38  7:12  Drone  
  38  7:13  Drone x6  
  38  7:17  Zergling x2  
  38  7:18  Zergling x2  
  47  7:30  Nydus Network  
  44  7:55  Ability Efficiency  
  44  8:01  Drone  
  44  8:02  Drone x9  
  54  8:13  Evolution Chamber  
  53  8:23  Extractor  
  52  8:47  Ancillary Carapace  
  52  9:20  Zerg Missile Weapons Level 1  
  52  9:34  Omega Worm  
  74  9:52  Hydralisk x11, Overlord  
  74  9:53  Overlord x5  
  74  9:55  Heroic Fortitude  
  74  9:59  Overlord  
  74  10:06  Nydus Network  
  73  10:17  Drone  
  74  10:44  Omega Worm  
  74  10:57  Frenzy  
  74  11:10  Zerg Ground Armor Level 1  
  74  11:27  Hatchery  
  73  11:34  Drone  
  88  11:50  Hydralisk  
  88  11:51  Hydralisk x6  
  88  12:03  Zerg Missile Weapons Level 2  
  87  12:33  Omega Worm  
  87  12:39  Omega Worm  
  83  12:57  Muscular Augments  
  82  13:24  Drone x2  
  82  13:25  Drone x3  
  82  13:26  Overlord x5  
  87  13:35  Omega Worm  
  76  14:22  Omega Worm  
  76  14:49  Hydralisk  
  80  14:50  Hydralisk x3  
  80  14:59  Nydus Network  
  65  15:01  Nydus Network x2  
  63  15:31  Zergling x2  
  63  15:32  Zergling x20  
  63  15:33  Zergling x26  
  63  15:37  Zerg Missile Weapons Level 3  
  63  15:38  Zerg Ground Armor Level 2  
  87  15:52  Omega Worm  
  81  16:23  Omega Worm  
  69  16:40  Omega Worm  
  69  16:41  Omega Worm  
  52  17:07  Zergling x2  
  52  17:08  Zergling x24  
  52  17:09  Zergling x22  
  73  17:24  Omega Worm  
  93  18:02  Hydralisk x11  
  93  18:03  Hydralisk  
  93  18:16  Omega Worm  
  93  18:18  Omega Worm  
  93  18:19  Omega Worm  
  93  18:20  Omega Worm  
  93  18:35  Hydralisk x6  
  93  18:44  Lurker x6  
  93  18:48  Zerg Melee Weapons Level 1  
  89  19:34  Seismic Spines  
  89  19:38  Lurker x3  
  89  19:39  Lurker x2  
  82  19:42  Hydralisk  
  82  19:43  Hydralisk x2  
  77  20:00  Hydralisk  
  77  20:01  Omega Worm  
  77  20:09  Lurker  
  78  20:13  Zergling x14  
  78  20:14  Zergling x32  
  78  20:15  Zergling x2  
  102  20:36  Omega Worm  
  102  20:41  Zergling x2  
  102  20:42  Zergling x6  
  102  20:46  Zerg Ground Armor Level 3  
  106  20:50  Overlord, Zergling x2  
  106  20:51  Overlord x2  
  108  21:15  Hydralisk x3  
  99  21:21  Metabolic Boost  
  87  21:56  Omega Worm  
  87  21:57  Omega Worm  
  97  22:10  Overlord x3  
  97  22:11  Overlord x3  
  97  22:12  Overlord x5  
  97  22:13  Overlord  
  97  22:14  Hydralisk x2  
  97  22:15  Hydralisk x3  
  96  22:21  Hardened Carapace, Zergling x2  
  96  22:22  Zergling x6  
  97  22:31  Zerg Melee Weapons Level 2  
  94  22:49  Omega Worm  
  90  23:12  Hydralisk x4, Omega Worm  
  90  23:19  Lurker x4  
  89  23:20  Lurker x2  
  89  23:21  Lurker x4  
  93  23:39  Omega Worm  
  93  24:15  Zergling x2  
  93  24:16  Zergling x10  
  93  24:17  Zergling x12  
  93  24:18  Zergling x18, Lurker x10  
  93  24:19  Zergling x6  
  112  24:45  Omega Worm  
  116  25:12  Hydralisk  
  116  25:13  Hydralisk x11  
  116  25:21  Omega Worm  
  116  25:31  Omega Worm  
  116  25:34  Omega Worm  
Tags
 
Add a new tag
Caveats
  • Supply blocks, unpowered buildings, or Contaminate may cause inaccurate times.
  • Supply counts are checked every 10 seconds.